Workbook

Sheet C3312 - 2019
B2: Plenas-Individuales
B3: PERIODO ANTERIOR 2019
B4: Razón social de la sociedad | C4: Clasificación Industrial Internacional Uniforme Versión 4 A.C | D4: Activos corrientes totales | E4: Total de activos | F4: Pasivos corrientes totales | G4: Total pasivos | H4: Patrimonio total | I4: Ganancia (pérdida), antes de impuestos | J4: Ganancia (pérdida) por actividades de operación | K4: Costos financieros
B5: GE ENERGY COLOMBIA SA | C5: C3312 - Mantenimiento y reparación especializado de maquinaria y equipo | D5: 130921574 | E5: 131307146 | F5: 77982491 | G5: 114136284 | H5: 17170862 | I5: -13331140 | J5: -17488944 | K5: 3372348
B6: WARTSILA COLOMBIA S.A. | C6: C3312 - Mantenimiento y reparación especializado de maquinaria y equipo | D6: 15949552 | E6: 16635587 | F6: 15115020 | G6: 15115020 | H6: 1520567 | I6: -7687245 | J6: -7880278 | K6: 193033
B7: KOMATSU COLOMBIA S.A.S. | C7: C3312 - Mantenimiento y reparación especializado de maquinaria y equipo | D7: 140729518 | E7: 182956801 | F7: 129789401 | G7: 159757173 | H7: 23199628 | I7: 16279207 | J7: 9796811 | K7: 16875735
B8: SERVIPARAMO SA | C8: C3312 - Mantenimiento y reparación especializado de maquinaria y equipo | D8: 72411634 | E8: 79493148 | F8: 30123740 | G8: 56733297 | H8: 22759851 | I8: 4573609 | J8: 1996708 | K8: 2850686
B9: TAMETCO SAS | C9: C3312 - Mantenimiento y reparación especializado de maquinaria y equipo | D9: 4999640 | E9: 23098243 | F9: 2167507 | G9: 14454258 | H9: 8643985 | I9: 1619086 | J9: 1376445 | K9: 392843
B10: NOVATECNICA SAS | C10: C3312 - Mantenimiento y reparación especializado de maquinaria y equipo | D10: 8479183 | E10: 9498252 | F10: 6231878 | G10: 6264344 | H10: 3233908 | I10: 2372109 | J10: 2585276 | K10: 27295
B11: IMBERA SERVICIOS COLOMBIA SAS | C11: C3312 - Mantenimiento y reparación especializado de maquinaria y equipo | D11: 8603580 | E11: 9583331 | F11: 5381917 | G11: 5381917 | H11: 4201414 | I11: 2219099 | J11: 1875601 | K11: 343498
B12: POWER TRAIN TECHNOLOGIES COLOMBIA S.A.S | C12: C3312 - Mantenimiento y reparación especializado de maquinaria y equipo | D12: 5696762 | E12: 6369242 | F12: 5744757 | G12: 5744757 | H12: 624485 | I12: -179796 | J12: -274454 | K12: 94658
B13: TOTAL | D13: =SUM(D5:D12) -> 387791443 | E13: =SUM(E5:E12) -> 458941750 | F13: =SUM(F5:F12) -> 272536711 | G13: =SUM(G5:G12) -> 377587050 | H13: =SUM(H5:H12) -> 81354700 | I13: =SUM(I5:I12) -> 5864929 | J13: =SUM(J5:J12) -> -8012835 | K13: =SUM(K5:K12) -> 24150096
B14: Plenas-Individuales
B15: PERIODO ACTUAL 2019
B16: Razón social de la sociedad | C16: Clasificación Industrial Internacional Uniforme Versión 4 A.C | D16: Activos corrientes totales | E16: Total de activos | F16: Pasivos corrientes totales | G16: Total pasivos | H16: Patrimonio total | I16: Ganancia (pérdida), antes de impuestos | J16: Ganancia (pérdida) por actividades de operación | K16: Costos financieros
B17: GE ENERGY COLOMBIA SA | C17: C3312 - Mantenimiento y reparación especializado de maquinaria y equipo | D17: 146562472 | E17: 147295132 | F17: 103553690 | G17: 124739214 | H17: 22555918 | I17: -18128837 | J17: -19774941 | K17: 1625094
B18: WARTSILA COLOMBIA S.A. | C18: C3312 - Mantenimiento y reparación especializado de maquinaria y equipo | D18: 19851958 | E18: 21684551 | F18: 5067744 | G18: 18143490 | H18: 3541061 | I18: 2122887 | J18: 1797269 | K18: 325618
B19: KOMATSU COLOMBIA S.A.S. | C19: C3312 - Mantenimiento y reparación especializado de maquinaria y equipo | D19: 173002997 | E19: 245985764 | F19: 138994370 | G19: 142818339 | H19: 103167425 | I19: 14323500 | J19: 9128847 | K19: 5534088
B20: SERVIPARAMO SA | C20: C3312 - Mantenimiento y reparación especializado de maquinaria y equipo | D20: 70930239 | E20: 74545629 | F20: 29462186 | G20: 50768622 | H20: 23777007 | I20: 3248105 | J20: 476564 | K20: 3038300
B21: TAMETCO SAS | C21: C3312 - Mantenimiento y reparación especializado de maquinaria y equipo | D21: 5079755 | E21: 24083112 | F21: 1913864 | G21: 13954522 | H21: 10128590 | I21: 1400758 | J21: 2083342 | K21: 93369
B22: NOVATECNICA SAS | C22: C3312 - Mantenimiento y reparación especializado de maquinaria y equipo | D22: 8013282 | E22: 10162274 | F22: 8256761 | G22: 8525433 | H22: 1636841 | I22: -1922841 | J22: -1952127 | K22: 39265
B23: IMBERA SERVICIOS COLOMBIA SAS | C23: C3312 - Mantenimiento y reparación especializado de maquinaria y equipo | D23: 7125278 | E23: 8250478 | F23: 4487274 | G23: 4487274 | H23: 3763204 | I23: -50506 | J23: -129678 | K23: 79172
B24: POWER TRAIN TECHNOLOGIES COLOMBIA S.A.S | C24: C3312 - Mantenimiento y reparación especializado de maquinaria y equipo | D24: 4655759 | E24: 5450937 | F24: 4678147 | G24: 4678147 | H24: 772790 | I24: 546803 | J24: 377632 | K24: 187705
B25: TOTAL | D25: =SUM(D17:D24) -> 435221740 | E25: =SUM(E17:E24) -> 537457877 | F25: =SUM(F17:F24) -> 296414036 | G25: =SUM(G17:G24) -> 368115041 | H25: =SUM(H17:H24) -> 169342836 | I25: =SUM(I17:I24) -> 1539869 | J25: =SUM(J17:J24) -> -7993092 | K25: =SUM(K17:K24) -> 10922611
B26: SUMATORIA TOTAL PERIODO ACTUAL Y ANTERIOR | D26: =+D25+D13 -> 823013183 | E26: =+E25+E13 -> 996399627 | F26: =+F25+F13 -> 568950747 | G26: =+G25+G13 -> 745702091 | H26: =+H25+H13 -> 250697536 | I26: =+I25+I13 -> 7404798 | J26: =+J25+J13 -> -16005927 | K26: =+K25+K13 -> 35072707
B28: INDICADORES | C28: NOMBRE | D28: FÓRMULA | E28: UNIDAD | F28: VALORES ACEPTABLES
B29: LIQUIDEZ | C29: RAZÓN CORRIENTE | D29: ESF - Activos corrientes totales /EFS - Pasivos Corrientes Totales | E29: Veces | F29: =+D26/F26 -> 1.4465456
B30: ENDEUDAMIENTO | C30: RAZÓN DE ENDEUDAMIENTO | D30: ESF- Total Pasivo/Total Activo * 100 | E30: % | F30: =G26/E26*100 -> 74.83966
B31: RAZÓN COBERTURA DE INTERES | C31: RAZON DE COBERTURA | D31: ERI- Ganancia(perdida) por actividades de operación / ERI - Costos financieros | E31: Veces | F31: =+J26/K26 -> -0.45636418
B32: LIQUIDEZ | C32: CAPITAL DE TRABAJO NETO | D32: ESF - Activos corrientes totales -EFS Pasivos Corrientes Totales | E32: $ | F32: =+D26-F26 -> 254062436
B34: INDICADORES | C34: NOMBRE | D34: FÓRMULA | E34: UNIDAD | F34: VALORES ACEPTABLES
B35: RENTABILIDAD | C35: Retorno sobre los Activos (ROA) | D35: ERI - Ganancia (pérdida), antes de impuestos / ESF - Total de activos *100 | E35: % | F35: =I26/E26*100 -> 0.74315544
B36: RENTABILIDAD | C36: Retorno Sobre El Patrimonio (RCE) | D36: ERI - Ganancia (pérdida), antes de impuestos / ESF - Patromonio total *100 | E36: % | F36: =I26/H26*100 -> 2.953678

Sheet S9511 -2019 
B2: Plenas-Individuales
B3: PERIODO ANTERIOR 2019
B4: Razón social de la sociedad | C4: Clasificación Industrial Internacional Uniforme Versión 4 A.C | D4: Activos corrientes totales | E4: Total de activos | F4: Pasivos corrientes totales | G4: Total pasivos | H4: Patrimonio total | I4: Ganancia (pérdida), antes de impuestos | J4: Ganancia (pérdida) por actividades de operación | K4: Costos financieros
B5: COMPUFACIL SAS | C5: S9511 - Mantenimiento y reparación de computadores y de equipo periférico | D5: 37397257 | E5: 43222667 | F5: 24671454 | G5: 29789855 | H5: 13432812 | I5: 380402 | J5: -1686 | K5: 889529
B6: DIEBOLD COLOMBIA SA | C6: S9511 - Mantenimiento y reparación de computadores y de equipo periférico | D6: 73789108 | E6: 90693640 | F6: 49355362 | G6: 50453372 | H6: 40240268 | I6: 9970906 | J6: 9970906
B7: TOSHIBA GLOBAL COMMERCE SOLUTIONS (COLOMBIA), S.A.S. | C7: S9511 - Mantenimiento y reparación de computadores y de equipo periférico | D7: 17892565 | E7: 27270461 | F7: 27892085 | G7: 31378183 | H7: -4107722 | I7: 190520 | J7: -3379992 | K7: 3570512
B8: TOTAL | D8: =SUM(D5:D7) -> 129078930 | E8: =SUM(E5:E7) -> 161186768 | F8: =SUM(F5:F7) -> 101918901 | G8: =SUM(G5:G7) -> 111621410 | H8: =SUM(H5:H7) -> 49565358 | I8: =SUM(I5:I7) -> 10541828 | J8: =SUM(J5:J7) -> 6589228 | K8: =SUM(K5:K7) -> 4460041
B9: Pymes-Individuales
B10: PERIODO ACTUAL 2019
B11: Razón social de la sociedad | C11: Clasificación Industrial Internacional Uniforme Versión 4 A.C | D11: Activos corrientes totales | E11: Total de activos | F11: Pasivos corrientes totales | G11: Total pasivos | H11: Patrimonio total | I11: Ganancia (pérdida), antes de impuestos | J11: Ganancia (pérdida) por actividades de operación | K11: Costos financieros
B12: COMPUFACIL SAS | C12: S9511 - Mantenimiento y reparación de computadores y de equipo periférico | D12: 27627071 | E12: 30256098 | F12: 15687290 | G12: 17668836 | H12: 12587262 | I12: 715950 | J12: 343975 | K12: 553466
B13: DIEBOLD COLOMBIA SA | C13: S9511 - Mantenimiento y reparación de computadores y de equipo periférico | D13: 71308015 | E13: 110931817 | F13: 58423456 | G13: 63703689 | H13: 47228128 | I13: 12020221 | J13: 12020221
B14: TOSHIBA GLOBAL COMMERCE SOLUTIONS (COLOMBIA), S.A.S. | C14: S9511 - Mantenimiento y reparación de computadores y de equipo periférico | D14: 21690522 | E14: 28398301 | F14: 22260141 | G14: 25490080 | H14: 2908221 | I14: 13674860 | J14: 13058423 | K14: 616437
B15: TOTAL | D15: =SUM(D12:D14) -> 120625608 | E15: =SUM(E12:E14) -> 169586216 | F15: =SUM(F12:F14) -> 96370887 | G15: =SUM(G12:G14) -> 106862605 | H15: =SUM(H12:H14) -> 62723611 | I15: =SUM(I12:I14) -> 26411031 | J15: =SUM(J12:J14) -> 25422619 | K15: =SUM(K12:K14) -> 1169903
B16: SUMATORIA TOTAL PERIODO ACTUAL Y ANTERIOR | D16: =+D15+D8 -> 249704538 | E16: =+E15+E8 -> 330772984 | F16: =+F15+F8 -> 198289788 | G16: =+G15+G8 -> 218484015 | H16: =+H15+H8 -> 112288969 | I16: =+I15+I8 -> 36952859 | J16: =+J15+J8 -> 32011847 | K16: =+K15+K8 -> 5629944
B18: INDICADORES | C18: NOMBRE | D18: FÓRMULA | E18: UNIDAD | F18: VALORES ACEPTABLES
B19: LIQUIDEZ | C19: RAZÓN CORRIENTE | D19: ESF - Activos corrientes totales /EFS - Pasivos Corrientes Totales | E19: Veces | F19: =+D16/F16 -> 1.259291
B20: ENDEUDAMIENTO | C20: RAZÓN DE ENDEUDAMIENTO | D20: ESF- Total Pasivo/Total Activo * 100 | E20: % | F20: =G16/E16*100 -> 66.052557
B21: RAZÓN COBERTURA DE INTERES | C21: RAZON DE COBERTURA | D21: ERI- Ganancia(perdida) por actividades de operación / ERI - Costos financieros | E21: Veces | F21: =+J16/K16 -> 5.6859974
B22: LIQUIDEZ | C22: CAPITAL DE TRABAJO NETO | D22: ESF - Activos corrientes totales -EFS Pasivos Corrientes Totales | E22: $ | F22: =+D16-F16 -> 51414750
B24: INDICADORES | C24: NOMBRE | D24: FÓRMULA | E24: UNIDAD | F24: VALORES ACEPTABLES
B25: RENTABILIDAD | C25: Retorno sobre los Activos (ROA) | D25: ERI - Ganancia (pérdida), antes de impuestos / ESF - Total de activos *100 | E25: % | F25: =I16/E16*100 -> 11.171668
B26: RENTABILIDAD | C26: Retorno Sobre El Patrimonio (RCE) | D26: ERI - Ganancia (pérdida), antes de impuestos / ESF - Patromonio total *100 | E26: % | F26: =I16/H16*100 -> 32.908717

Sheet J6209 -2019
B2: Plenass-Individuales
B3: PERIODO ANTERIOR 2019
B4: Razón social de la sociedad | C4: Clasificación Industrial Internacional Uniforme Versión 4 A.C | D4: Activos corrientes totales | E4: Total de activos | F4: Pasivos corrientes totales | G4: Total pasivos | H4: Patrimonio total | I4: Ganancia (pérdida), antes de impuestos | J4: Ganancia (pérdida) por actividades de operación | K4: Costos financieros
B5: STUDIOCOM COM INC | C5: J6209 - Otras actividades de tecnologías de información y actividades de servicios informáticos | D5: 7586587 | E5: 7910182 | F5: 3319603 | G5: 3372271 | H5: 4537911 | I5: 3409508 | J5: 3245311 | K5: 164197
B6: SERVICIOS ARCHIVISTICOS Y TECNOLOGICOS S A S EN REORGANIZACION | C6: J6209 - Otras actividades de tecnologías de información y actividades de servicios informáticos | D6: 9164246 | E6: 9870319 | F6: 624427 | G6: 6527800 | H6: 3342519 | I6: 289118 | J6: 88062 | K6: 205335
B7: SUSTS COLOMBIA LIMITADA | C7: J6209 - Otras actividades de tecnologías de información y actividades de servicios informáticos | D7: 23845612 | E7: 23845612 | F7: 21461429 | G7: 21545827 | H7: 2299785 | I7: -2577673 | J7: -2116691 | K7: 52034
B8: SOCIEDAD CAMERAL DE CERTIFICACION DIGITAL CERTICAMARA S.A. | C8: J6209 - Otras actividades de tecnologías de información y actividades de servicios informáticos | D8: 19461019 | E8: 39619696 | F8: 13542591 | G8: 16121276 | H8: 23498420 | I8: 1678606 | J8: 1166733 | K8: 179715
B9: ROAD TRACK DE COLOMBIA S.A.S | C9: J6209 - Otras actividades de tecnologías de información y actividades de servicios informáticos | D9: 17684256 | E9: 19885367 | F9: 17682323 | G9: 19613762 | H9: 271605 | I9: 516165 | J9: -443915 | K9: 2244621
B10: ITS INFOCOMUNICACION SAS | C10: J6209 - Otras actividades de tecnologías de información y actividades de servicios informáticos | D10: 48097024 | E10: 52457160 | F10: 33798644 | G10: 40710176 | H10: 11746984 | I10: 4351794 | J10: 2781725 | K10: 2464593
B11: SAP COLOMBIA SAS | C11: J6209 - Otras actividades de tecnologías de información y actividades de servicios informáticos | D11: 573241896 | E11: 636293825 | F11: 716213674 | G11: 720044315 | H11: -83750490 | I11: -59410913 | J11: -83862085 | K11: 24451172
B12: IDEAS MUSICALES DE COLOMBIA SAS | C12: J6209 - Otras actividades de tecnologías de información y actividades de servicios informáticos | D12: 43544979 | E12: 53833671 | F12: 36906929 | G12: 45396091 | H12: 8437580 | I12: 6626263 | J12: 6511120 | K12: 307137
B13: TOTAL | D13: =SUM(D5:D12) -> 742625619 | E13: =SUM(E5:E12) -> 843715832 | F13: =SUM(F5:F12) -> 843549620 | G13: =SUM(G5:G12) -> 873331518 | H13: =SUM(H5:H12) -> -29615686 | I13: =SUM(I5:I12) -> -45117132 | J13: =SUM(J5:J12) -> -72629740 | K13: =SUM(K5:K12) -> 30068804
B14: Plenas-Individuales
B15: PERIODO ACTUAL 2019
B16: Razón social de la sociedad | C16: Clasificación Industrial Internacional Uniforme Versión 4 A.C | D16: Activos corrientes totales | E16: Total de activos | F16: Pasivos corrientes totales | G16: Total pasivos | H16: Patrimonio total | I16: Ganancia (pérdida), antes de impuestos | J16: Ganancia (pérdida) por actividades de operación | K16: Costos financieros
B17: STUDIOCOM COM INC | C17: J6209 - Otras actividades de tecnologías de información y actividades de servicios informáticos | D17: 6363206 | E17: 7512649 | F17: 3004878 | G17: 3034535 | H17: 4478114 | I17: -104269 | J17: 189735
B18: SERVICIOS ARCHIVISTICOS Y TECNOLOGICOS S A S EN REORGANIZACION | C18: J6209 - Otras actividades de tecnologías de información y actividades de servicios informáticos | D18: 9574703 | E18: 10345115 | F18: 2305033 | G18: 6909654 | H18: 3435461 | I18: 218240 | J18: 191225 | K18: 27069
B19: SUSTS COLOMBIA LIMITADA | C19: J6209 - Otras actividades de tecnologías de información y actividades de servicios informáticos | D19: 29709749 | E19: 29709749 | F19: 26750358 | G19: 26842926 | H19: 2866823 | I19: 1240472 | J19: 1025293 | K19: 223811
B20: SOCIEDAD CAMERAL DE CERTIFICACION DIGITAL CERTICAMARA S.A. | C20: J6209 - Otras actividades de tecnologías de información y actividades de servicios informáticos | D20: 19799371 | E20: 44143119 | F20: 16911811 | G20: 20692448 | H20: 23450671 | I20: 913916 | J20: -57263 | K20: 299726
B21: ROAD TRACK DE COLOMBIA S.A.S | C21: J6209 - Otras actividades de tecnologías de información y actividades de servicios informáticos | D21: 16202546 | E21: 19183607 | F21: 13776957 | G21: 18823312 | H21: 360295 | I21: 2286887 | J21: 1740316 | K21: 1083874
B22: ITS INFOCOMUNICACION SAS | C22: J6209 - Otras actividades de tecnologías de información y actividades de servicios informáticos | D22: 77281306 | E22: 84284251 | F22: 60051644 | G22: 68245268 | H22: 16038983 | I22: 9960568 | J22: 7900860 | K22: 3414132
B23: SAP COLOMBIA SAS | C23: J6209 - Otras actividades de tecnologías de información y actividades de servicios informáticos | D23: 582539330 | E23: 664340594 | F23: 567659962 | G23: 582213412 | H23: 82127182 | I23: -71522539 | J23: -69021232 | K23: 90961315
B24: IDEAS MUSICALES DE COLOMBIA SAS | C24: J6209 - Otras actividades de tecnologías de información y actividades de servicios informáticos | D24: 48565440 | E24: 49386013 | F24: 46127918 | G24: 46127918 | H24: 3258095 | I24: 7405440 | J24: 8049309 | K24: 531204
B25: TOTAL | D25: =SUM(D17:D24) -> 790035651 | E25: =SUM(E17:E24) -> 908905097 | F25: =SUM(F17:F24) -> 736588561 | G25: =SUM(G17:G24) -> 772889473 | H25: =SUM(H17:H24) -> 136015624 | I25: =SUM(I17:I24) -> -49601285 | J25: =SUM(J17:J24) -> -49981757 | K25: =SUM(K17:K24) -> 96541131
B26: SUMATORIA TOTAL PERIODO ACTUAL Y ANTERIOR | D26: =+D25+D13 -> 1532661270 | E26: =+E25+E13 -> 1752620929 | F26: =+F25+F13 -> 1580138181 | G26: =+G25+G13 -> 1646220991 | H26: =+H25+H13 -> 106399938 | I26: =+I25+I13 -> -94718417 | J26: =+J25+J13 -> -122611497 | K26: =+K25+K13 -> 126609935
B28: INDICADORES | C28: NOMBRE | D28: FÓRMULA | E28: UNIDAD | F28: VALORES ACEPTABLES
B29: LIQUIDEZ | C29: RAZÓN CORRIENTE | D29: ESF - Activos corrientes totales /EFS - Pasivos Corrientes Totales | E29: Veces | F29: =+D26/F26 -> 0.96995395
B30: ENDEUDAMIENTO | C30: RAZÓN DE ENDEUDAMIENTO | D30: ESF- Total Pasivo/Total Activo * 100 | E30: % | F30: =G26/E26*100 -> 93.929096
B31: RAZÓN COBERTURA DE INTERES | C31: RAZON DE COBERTURA | D31: ERI- Ganancia(perdida) por actividades de operación / ERI - Costos financieros | E31: Veces | F31: =+J26/K26 -> -0.96841924
B32: LIQUIDEZ | C32: CAPITAL DE TRABAJO NETO | D32: ESF - Activos corrientes totales -EFS Pasivos Corrientes Totales | E32: $ | F32: =+D26-F26 -> -47476911
B34: INDICADORES | C34: NOMBRE | D34: FÓRMULA | E34: UNIDAD | F34: VALORES ACEPTABLES
B35: RENTABILIDAD | C35: Retorno sobre los Activos (ROA) | D35: ERI - Ganancia (pérdida), antes de impuestos / ESF - Total de activos *100 | E35: % | F35: =I26/E26*100 -> -5.404387
B36: RENTABILIDAD | C36: Retorno Sobre El Patrimonio (RCE) | D36: ERI - Ganancia (pérdida), antes de impuestos / ESF - Patromonio total *100 | E36: % | F36: =I26/H26*100 -> -89.02112

Sheet C3312 -2020
B2: Pymes-Individuales
B3: PERIODO ANTERIOR 2020
B4: Razón social de la sociedad | C4: Clasificación Industrial Internacional Uniforme Versión 4 A.C | D4: Activos corrientes totales | E4: Total de activos | F4: Pasivos corrientes totales | G4: Total pasivos | H4: Patrimonio total | I4: Ganancia (pérdida), antes de impuestos | J4: Ganancia (pérdida) por actividades de operación | K4: Costos financieros
B5: GE ENERGY COLOMBIA SA | C5: C3312 - Mantenimiento y reparación especializado de maquinaria y equipo | D5: 146562473 | E5: 147295133 | F5: 103553690 | G5: 124739214 | H5: 22555919 | I5: -16720727 | J5: -18366831 | K5: 1625094
B6: WARTSILA COLOMBIA S.A. | C6: C3312 - Mantenimiento y reparación especializado de maquinaria y equipo | D6: 19851958 | E6: 21684551 | F6: 5067744 | G6: 18143490 | H6: 3541061 | I6: 2122887 | J6: 1797269 | K6: 325618
B7: KOMATSU COLOMBIA S.A.S. | C7: C3312 - Mantenimiento y reparación especializado de maquinaria y equipo | D7: 172946993 | E7: 245929760 | F7: 138938366 | G7: 142762335 | H7: 103167425 | I7: 14323500 | J7: 9128847 | K7: 5534088
B8: POWER TRAIN TECHNOLOGIES COLOMBIA S.A.S | C8: C3312 - Mantenimiento y reparación especializado de maquinaria y equipo | D8: 4655759 | E8: 5450937 | F8: 4678147 | G8: 4678147 | H8: 772790 | I8: 546803 | J8: 377632 | K8: 187705
B9: SERVIPARAMO SA | C9: C3312 - Mantenimiento y reparación especializado de maquinaria y equipo | D9: 70930239 | E9: 74545629 | F9: 29462186 | G9: 50768622 | H9: 23777007 | I9: 3248105 | J9: 476564 | K9: 3038300
B10: TAMETCO SAS | C10: C3312 - Mantenimiento y reparación especializado de maquinaria y equipo | D10: 5079755 | E10: 24083112 | F10: 1913864 | G10: 13954522 | H10: 10128590 | I10: 1400758 | J10: 2083342 | K10: 93369
B11: NOVATECNICA SAS | C11: C3312 - Mantenimiento y reparación especializado de maquinaria y equipo | D11: 8013282 | E11: 10162274 | F11: 8256761 | G11: 8525433 | H11: 1636841 | I11: -1922841 | J11: -1952127 | K11: 39265
B12: IMBERA SERVICIOS COLOMBIA SAS | C12: C3312 - Mantenimiento y reparación especializado de maquinaria y equipo | D12: 7125278 | E12: 8250478 | F12: 4487274 | G12: 4487274 | H12: 3763204 | I12: -50506 | J12: -129678 | K12: 79172
B13: TOTAL | D13: =SUM(D5:D12) -> 435165737 | E13: =SUM(E5:E12) -> 537401874 | F13: =SUM(F5:F12) -> 296358032 | G13: =SUM(G5:G12) -> 368059037 | H13: =SUM(H5:H12) -> 169342837 | I13: =SUM(I5:I12) -> 2947979 | J13: =SUM(J5:J12) -> -6584982 | K13: =SUM(K5:K12) -> 10922611
B14: Pymes-Individuales
B15: PERIODO ACTUAL 2020
B16: Razón social de la sociedad | C16: Clasificación Industrial Internacional Uniforme Versión 4 A.C | D16: Activos corrientes totales | E16: Total de activos | F16: Pasivos corrientes totales | G16: Total pasivos | H16: Patrimonio total | I16: Ganancia (pérdida), antes de impuestos | J16: Ganancia (pérdida) por actividades de operación | K16: Costos financieros
B17: GE ENERGY COLOMBIA SA | C17: C3312 - Mantenimiento y reparación especializado de maquinaria y equipo | D17: 119025245 | E17: 120046484 | F17: 79514239 | G17: 107875243 | H17: 12171241 | I17: -16101696 | J17: -10284835 | K17: 345333
B18: WARTSILA COLOMBIA S.A. | C18: C3312 - Mantenimiento y reparación especializado de maquinaria y equipo | D18: 33465708 | E18: 38450872 | F18: 16440874 | G18: 26010220 | H18: 12440652 | I18: 15965700 | J18: 13704834 | K18: 2341653
B19: KOMATSU COLOMBIA S.A.S. | C19: C3312 - Mantenimiento y reparación especializado de maquinaria y equipo | D19: 148826841 | E19: 219755943 | F19: 91506337 | G19: 119009719 | H19: 100746224 | I19: 3884699 | J19: -1213029 | K19: 5419159
B20: POWER TRAIN TECHNOLOGIES COLOMBIA S.A.S | C20: C3312 - Mantenimiento y reparación especializado de maquinaria y equipo | D20: 2674826 | E20: 3352298 | F20: 3406532 | G20: 3406532 | H20: -54234 | I20: -676790 | J20: -904806 | K20: 244782
B21: SERVIPARAMO SA | C21: C3312 - Mantenimiento y reparación especializado de maquinaria y equipo | D21: 69405590 | E21: 72894062 | F21: 26096621 | G21: 47778055 | H21: 25116007 | I21: 2822349 | J21: 994806 | K21: 2022722
B22: TAMETCO SAS | C22: C3312 - Mantenimiento y reparación especializado de maquinaria y equipo | D22: 3874397 | E22: 24729614 | F22: 1977432 | G22: 13588612 | H22: 11141002 | I22: 1182405 | J22: 1246167 | K22: 294687
B23: NOVATECNICA SAS | C23: C3312 - Mantenimiento y reparación especializado de maquinaria y equipo | D23: 7558702 | E23: 10319703 | F23: 10758514 | G23: 10775749 | H23: -456046 | I23: -2549535 | J23: -2748630 | K23: 253048
B24: IMBERA SERVICIOS COLOMBIA SAS | C24: C3312 - Mantenimiento y reparación especializado de maquinaria y equipo | D24: 6981922 | E24: 10674784 | F24: 6223466 | G24: 7632782 | H24: 3042002 | I24: 188713 | J24: -103821 | K24: 292534
B25: TOTAL | D25: =SUM(D17:D24) -> 391813231 | E25: =SUM(E17:E24) -> 500223760 | F25: =SUM(F17:F24) -> 235924015 | G25: =SUM(G17:G24) -> 336076912 | H25: =SUM(H17:H24) -> 164146848 | I25: =SUM(I17:I24) -> 4715845 | J25: =SUM(J17:J24) -> 690686 | K25: =SUM(K17:K24) -> 11213918
B26: SUMATORIA TOTAL PERIODO ACTUAL Y ANTERIOR | D26: =+D25+D13 -> 826978968 | E26: =+E25+E13 -> 1037625634 | F26: =+F25+F13 -> 532282047 | G26: =+G25+G13 -> 704135949 | H26: =+H25+H13 -> 333489685 | I26: =+I25+I13 -> 7663824 | J26: =+J25+J13 -> -5894296 | K26: =+K25+K13 -> 22136529
B28: INDICADORES | C28: NOMBRE | D28: FÓRMULA | E28: UNIDAD | F28: VALORES ACEPTABLES
B29: LIQUIDEZ | C29: RAZÓN CORRIENTE | D29: ESF - Activos corrientes totales /EFS - Pasivos Corrientes Totales | E29: Veces | F29: =+D26/F26 -> 1.5536481
B30: ENDEUDAMIENTO | C30: RAZÓN DE ENDEUDAMIENTO | D30: ESF- Total Pasivo/Total Activo * 100 | E30: % | F30: =G26/E26*100 -> 67.860308
B31: RAZÓN COBERTURA DE INTERES | C31: RAZON DE COBERTURA | D31: ERI- Ganancia(perdida) por actividades de operación / ERI - Costos financieros | E31: Veces | F31: =+J26/K26 -> -0.26627011
B32: LIQUIDEZ | C32: CAPITAL DE TRABAJO NETO | D32: ESF - Activos corrientes totales -EFS Pasivos Corrientes Totales | E32: $ | F32: =+D26-F26 -> 294696921
B34: INDICADORES | C34: NOMBRE | D34: FÓRMULA | E34: UNIDAD | F34: VALORES ACEPTABLES
B35: RENTABILIDAD | C35: Retorno sobre los Activos (ROA) | D35: ERI - Ganancia (pérdida), antes de impuestos / ESF - Total de activos *100 | E35: % | F35: =I26/E26*100 -> 0.73859239
B36: RENTABILIDAD | C36: Retorno Sobre El Patrimonio (RCE) | D36: ERI - Ganancia (pérdida), antes de impuestos / ESF - Patromonio total *100 | E36: % | F36: =I26/H26*100 -> 2.2980693

Sheet S9511 -2020
B2: Plenas-Individuales
B3: PERIODO ANTERIOR 2020
B4: Razón social de la sociedad | C4: Clasificación Industrial Internacional Uniforme Versión 4 A.C | D4: Activos corrientes totales | E4: Total de activos | F4: Pasivos corrientes totales | G4: Total pasivos | H4: Patrimonio total | I4: Ganancia (pérdida), antes de impuestos | J4: Ganancia (pérdida) por actividades de operación | K4: Costos financieros
B5: COMPUFACIL SAS | C5: S9511 - Mantenimiento y reparación de computadores y de equipo periférico | D5: 27627071 | E5: 30256098 | F5: 15687290 | G5: 17668836 | H5: 12587262 | I5: 715950 | J5: 343975 | K5: 553466
B6: DIEBOLD COLOMBIA SA | C6: S9511 - Mantenimiento y reparación de computadores y de equipo periférico | D6: 71296426 | E6: 110152145 | F6: 58411867 | G6: 62924017 | H6: 47228128 | I6: 12051918 | J6: 12020221 | K6: 337688
B7: TOSHIBA GLOBAL COMMERCE SOLUTIONS (COLOMBIA), S.A.S. | C7: S9511 - Mantenimiento y reparación de computadores y de equipo periférico | D7: 21153517 | E7: 28398301 | F7: 22260141 | G7: 25490080 | H7: 2908221 | I7: 13674860 | J7: 13058423 | K7: 616437
B8: TOTAL | D8: =SUM(D5:D7) -> 120077014 | E8: =SUM(E5:E7) -> 168806544 | F8: =SUM(F5:F7) -> 96359298 | G8: =SUM(G5:G7) -> 106082933 | H8: =SUM(H5:H7) -> 62723611 | I8: =SUM(I5:I7) -> 26442728 | J8: =SUM(J5:J7) -> 25422619 | K8: =SUM(K5:K7) -> 1507591
B9: Plenas-Individuales
B10: PERIODO ACTUAL 2020
B11: Razón social de la sociedad | C11: Clasificación Industrial Internacional Uniforme Versión 4 A.C | D11: Activos corrientes totales | E11: Total de activos | F11: Pasivos corrientes totales | G11: Total pasivos | H11: Patrimonio total | I11: Ganancia (pérdida), antes de impuestos | J11: Ganancia (pérdida) por actividades de operación | K11: Costos financieros
B12: COMPUFACIL SAS | C12: S9511 - Mantenimiento y reparación de computadores y de equipo periférico | D12: 25800424 | E12: 27967627 | F12: 11176084 | G12: 11186035 | H12: 16781592 | I12: 8255417 | J12: 8231153 | K12: 105440
B13: DIEBOLD COLOMBIA SA | C13: S9511 - Mantenimiento y reparación de computadores y de equipo periférico | D13: 65705389 | E13: 119533896 | F13: 62195093 | G13: 65972736 | H13: 53561160 | I13: 6909901 | J13: 8765739 | K13: 19358
B14: TOSHIBA GLOBAL COMMERCE SOLUTIONS (COLOMBIA), S.A.S. | C14: S9511 - Mantenimiento y reparación de computadores y de equipo periférico | D14: 21309135 | E14: 28613529 | F14: 20321533 | G14: 23523292 | H14: 5090237 | I14: 3585848 | J14: 2781039 | K14: 804809
B15: TOTAL | D15: =SUM(D12:D14) -> 112814948 | E15: =SUM(E12:E14) -> 176115052 | F15: =SUM(F12:F14) -> 93692710 | G15: =SUM(G12:G14) -> 100682063 | H15: =SUM(H12:H14) -> 75432989 | I15: =SUM(I12:I14) -> 18751166 | J15: =SUM(J12:J14) -> 19777931 | K15: =SUM(K12:K14) -> 929607
B16: SUMATORIA TOTAL PERIODO ACTUAL Y ANTERIOR | D16: =+D15+D8 -> 232891962 | E16: =+E15+E8 -> 344921596 | F16: =+F15+F8 -> 190052008 | G16: =+G15+G8 -> 206764996 | H16: =+H15+H8 -> 138156600 | I16: =+I15+I8 -> 45193894 | J16: =+J15+J8 -> 45200550 | K16: =+K15+K8 -> 2437198
B18: INDICADORES | C18: NOMBRE | D18: FÓRMULA | E18: UNIDAD | F18: VALORES ACEPTABLES
B19: LIQUIDEZ | C19: RAZÓN CORRIENTE | D19: ESF - Activos corrientes totales /EFS - Pasivos Corrientes Totales | E19: Veces | F19: =+D16/F16 -> 1.2254117
B20: ENDEUDAMIENTO | C20: RAZÓN DE ENDEUDAMIENTO | D20: ESF- Total Pasivo/Total Activo * 100 | E20: % | F20: =G16/E16*100 -> 59.945506
B21: RAZÓN COBERTURA DE INTERES | C21: RAZON DE COBERTURA | D21: ERI- Ganancia(perdida) por actividades de operación / ERI - Costos financieros | E21: Veces | F21: =+J16/K16 -> 18.546113
B22: LIQUIDEZ | C22: CAPITAL DE TRABAJO NETO | D22: ESF - Activos corrientes totales -EFS Pasivos Corrientes Totales | E22: $ | F22: =+D16-F16 -> 42839954
B24: INDICADORES | C24: NOMBRE | D24: FÓRMULA | E24: UNIDAD | F24: VALORES ACEPTABLES
B25: RENTABILIDAD | C25: Retorno sobre los Activos (ROA) | D25: ERI - Ganancia (pérdida), antes de impuestos / ESF - Total de activos *100 | E25: % | F25: =I16/E16*100 -> 13.102657
B26: RENTABILIDAD | C26: Retorno Sobre El Patrimonio (RCE) | D26: ERI - Ganancia (pérdida), antes de impuestos / ESF - Patromonio total *100 | E26: % | F26: =I16/H16*100 -> 32.712077

Sheet J6209 -2020
B2: Plenas-Individuales
B3: PERIODO ANTERIOR 2020
B4: Razón social de la sociedad | C4: Clasificación Industrial Internacional Uniforme Versión 4 A.C | D4: Activos corrientes totales | E4: Total de activos | F4: Pasivos corrientes totales | G4: Total pasivos | H4: Patrimonio total | I4: Ganancia (pérdida), antes de impuestos | J4: Ganancia (pérdida) por actividades de operación | K4: Costos financieros
B5: ANPALA S.A.S | C5: J6209 - Otras actividades de tecnologías de información y actividades de servicios informáticos | D5: 3680549 | E5: 3799718 | F5: 1280376 | G5: 1814309 | H5: 1985409 | I5: 1532376 | J5: 1377709 | K5: 155010
B6: SUSTS COLOMBIA LIMITADA | C6: J6209 - Otras actividades de tecnologías de información y actividades de servicios informáticos | D6: 29709749 | E6: 30160762 | F6: 26750358 | G6: 27293938 | H6: 2866824 | I6: 1240472 | J6: 1025293 | K6: 1486319
B7: SOCIEDAD CAMERAL DE CERTIFICACION DIGITAL CERTICAMARA S.A. | C7: J6209 - Otras actividades de tecnologías de información y actividades de servicios informáticos | D7: 19799371 | E7: 44143119 | F7: 16911811 | G7: 20692448 | H7: 23450671 | I7: 913916 | J7: -57263 | K7: 299726
B8: ROAD TRACK DE COLOMBIA S.A.S | C8: J6209 - Otras actividades de tecnologías de información y actividades de servicios informáticos | D8: 16202546 | E8: 19183607 | F8: 13776956 | G8: 18823311 | H8: 360296 | I8: 2286887 | J8: 1740316 | K8: 1083874
B9: EZENTIS COLOMBIA SAS | C9: J6209 - Otras actividades de tecnologías de información y actividades de servicios informáticos | D9: 9014468 | E9: 14814268 | F9: 6506590 | G9: 7703307 | H9: 7110961 | I9: -1793001 | J9: -2784139 | K9: 1315372
B10: ITS INFOCOMUNICACION SAS | C10: J6209 - Otras actividades de tecnologías de información y actividades de servicios informáticos | D10: 77281306 | E10: 84284251 | F10: 60051644 | G10: 68245268 | H10: 16038983 | I10: 9960568 | J10: 7900860 | K10: 3414132
B11: EGM INGENIERIA SIN FRONTERAS S.A.S. | C11: J6209 - Otras actividades de tecnologías de información y actividades de servicios informáticos | D11: 4385142 | E11: 6353244 | F11: 1970232 | G11: 3063661 | H11: 3289583 | I11: 2093369 | J11: 1898194 | K11: 241740
B12: SAP COLOMBIA SAS | C12: J6209 - Otras actividades de tecnologías de información y actividades de servicios informáticos | D12: 582539330 | E12: 664340594 | F12: 567659962 | G12: 582213412 | H12: 82127182 | I12: -71522539 | J12: -69021232 | K12: 9672389
B13: ATOS IT SOLUTIONS AND SERVICES SAS | C13: J6209 - Otras actividades de tecnologías de información y actividades de servicios informáticos | D13: 29483604 | E13: 31532924 | F13: 13761781 | G13: 13761781 | H13: 17771143 | I13: 644198 | J13: 644198
B14: SERVICIOS ARCHIVISTICOS Y TECNOLOGICOS S A S EN REORGANIZACION | C14: J6209 - Otras actividades de tecnologías de información y actividades de servicios informáticos | D14: 9574704 | E14: 10345115 | F14: 2305033 | G14: 6909654 | H14: 3435461 | I14: 218241 | J14: 191225 | K14: 27070
B15: IDEAS MUSICALES DE COLOMBIA SAS | C15: J6209 - Otras actividades de tecnologías de información y actividades de servicios informáticos | D15: 48565440 | E15: 49386013 | F15: 46127918 | G15: 46127918 | H15: 3258095 | I15: 7405440 | J15: 8049309 | K15: 531204
B16: TOTAL | D16: =SUM(D5:D15) -> 830236209 | E16: =SUM(E5:E15) -> 958343615 | F16: =SUM(F5:F15) -> 757102661 | G16: =SUM(G5:G15) -> 796649007 | H16: =SUM(H5:H15) -> 161694608 | I16: =SUM(I5:I15) -> -47020073 | J16: =SUM(J5:J15) -> -49035530 | K16: =SUM(K5:K15) -> 18226836
B17: Plenas-Individuales
B18: PERIODO ACTUAL 2020
B19: Razón social de la sociedad | C19: Clasificación Industrial Internacional Uniforme Versión 4 A.C | D19: Activos corrientes totales | E19: Total de activos | F19: Pasivos corrientes totales | G19: Total pasivos | H19: Patrimonio total | I19: Ganancia (pérdida), antes de impuestos | J19: Ganancia (pérdida) por actividades de operación | K19: Costos financieros
B20: ANPALA S.A.S | C20: J6209 - Otras actividades de tecnologías de información y actividades de servicios informáticos | D20: 2634636 | E20: 2746649 | F20: 1834267 | G20: 1892098 | H20: 854551 | I20: 943310 | J20: 779940 | K20: 196793
B21: SUSTS COLOMBIA LIMITADA | C21: J6209 - Otras actividades de tecnologías de información y actividades de servicios informáticos | D21: 9049006 | E21: 9834898 | F21: 7528476 | G21: 7725709 | H21: 2109189 | I21: -1053109 | J21: -1467676 | K21: 2518528
B22: SOCIEDAD CAMERAL DE CERTIFICACION DIGITAL CERTICAMARA S.A. | C22: J6209 - Otras actividades de tecnologías de información y actividades de servicios informáticos | D22: 16776444 | E22: 39357045 | F22: 9409197 | G22: 16001967 | H22: 23355078 | I22: 3841621 | J22: 3148252 | K22: 798148
B23: ROAD TRACK DE COLOMBIA S.A.S | C23: J6209 - Otras actividades de tecnologías de información y actividades de servicios informáticos | D23: 16077623 | E23: 18610801 | F23: 10062459 | G23: 15891521 | H23: 2719280 | I23: 3161367 | J23: 2552694 | K23: 1179925
B24: EZENTIS COLOMBIA SAS | C24: J6209 - Otras actividades de tecnologías de información y actividades de servicios informáticos | D24: 7030601 | E24: 9826418 | F24: 3273341 | G24: 4894629 | H24: 4931789 | I24: -1800266 | J24: -2508110 | K24: 737454
B25: ITS INFOCOMUNICACION SAS | C25: J6209 - Otras actividades de tecnologías de información y actividades de servicios informáticos | D25: 57320459 | E25: 65206340 | F25: 47300103 | G25: 50276885 | H25: 14929455 | I25: 1688278 | J25: -314827 | K25: 2989187
B26: EGM INGENIERIA SIN FRONTERAS S.A.S. | C26: J6209 - Otras actividades de tecnologías de información y actividades de servicios informáticos | D26: 9136483 | E26: 11789902 | F26: 5086940 | G26: 5995329 | H26: 5794573 | I26: -1426934 | J26: -2038796 | K26: 676833
B27: SAP COLOMBIA SAS | C27: J6209 - Otras actividades de tecnologías de información y actividades de servicios informáticos | D27: 611498615 | E27: 694122060 | F27: 643033874 | G27: 663489696 | H27: 30632364 | I27: -29140477 | J27: -51494818 | K27: 24956016
B28: ATOS IT SOLUTIONS AND SERVICES SAS | C28: J6209 - Otras actividades de tecnologías de información y actividades de servicios informáticos | D28: 28576773 | E28: 30039497 | F28: 15309599 | G28: 15309599 | H28: 14729898 | I28: -2673036 | J28: -2673036
B29: SERVICIOS ARCHIVISTICOS Y TECNOLOGICOS S A S EN REORGANIZACION | C29: J6209 - Otras actividades de tecnologías de información y actividades de servicios informáticos | D29: 7946761 | E29: 10241483 | F29: 1716335 | G29: 5941296 | H29: 4300187 | I29: 605888 | J29: 453789 | K29: 158994
B30: IDEAS MUSICALES DE COLOMBIA SAS | C30: J6209 - Otras actividades de tecnologías de información y actividades de servicios informáticos | D30: 51047611 | E30: 52397195 | F30: 43899122 | G30: 43899122 | H30: 8498073 | I30: 7161355 | J30: 7717941 | K30: 791392
B31: TOTAL | D31: =SUM(D20:D30) -> 817095012 | E31: =SUM(E20:E30) -> 944172288 | F31: =SUM(F20:F30) -> 788453713 | G31: =SUM(G20:G30) -> 831317851 | H31: =SUM(H20:H30) -> 112854437 | I31: =SUM(I20:I30) -> -18692003 | J31: =SUM(J20:J30) -> -45844647 | K31: =SUM(K20:K30) -> 35003270
B32: SUMATORIA TOTAL PERIODO ACTUAL Y ANTERIOR | D32: =+D31+D16 -> 1647331221 | E32: =+E31+E16 -> 1902515903 | F32: =+F31+F16 -> 1545556374 | G32: =+G31+G16 -> 1627966858 | H32: =+H31+H16 -> 274549045 | I32: =+I31+I16 -> -65712076 | J32: =+J31+J16 -> -94880177 | K32: =+K31+K16 -> 53230106
B34: INDICADORES | C34: NOMBRE | D34: FÓRMULA | E34: UNIDAD | F34: VALORES ACEPTABLES
B35: LIQUIDEZ | C35: RAZÓN CORRIENTE | D35: ESF - Activos corrientes totales /EFS - Pasivos Corrientes Totales | E35: Veces | F35: =+D32/F32 -> 1.06585
B36: ENDEUDAMIENTO | C36: RAZÓN DE ENDEUDAMIENTO | D36: ESF- Total Pasivo/Total Activo * 100 | E36: % | F36: =G32/E32*100 -> 85.569159
B37: RAZÓN COBERTURA DE INTERES | C37: RAZON DE COBERTURA | D37: ERI- Ganancia(perdida) por actividades de operación / ERI - Costos financieros | E37: Veces | F37: =+J32/K32 -> -1.7824533
B38: LIQUIDEZ | C38: CAPITAL DE TRABAJO NETO | D38: ESF - Activos corrientes totales -EFS Pasivos Corrientes Totales | E38: $ | F38: =+D32-F32 -> 101774847
B40: INDICADORES | C40: NOMBRE | D40: FÓRMULA | E40: UNIDAD | F40: VALORES ACEPTABLES
B41: RENTABILIDAD | C41: Retorno sobre los Activos (ROA) | D41: ERI - Ganancia (pérdida), antes de impuestos / ESF - Total de activos *100 | E41: % | F41: =I32/E32*100 -> -3.4539567
B42: RENTABILIDAD | C42: Retorno Sobre El Patrimonio (RCE) | D42: ERI - Ganancia (pérdida), antes de impuestos / ESF - Patromonio total *100 | E42: % | F42: =I32/H32*100 -> -23.934549

Sheet C3312 -2021
B2: Plenas-Individuales
B3: PERIODO ANTERIOR 2021
B4: Razón social de la sociedad | C4: Clasificación Industrial Internacional Uniforme Versión 4 A.C | D4: Activos corrientes totales | E4: Total de activos | F4: Pasivos corrientes totales | G4: Total pasivos | H4: Patrimonio total | I4: Ganancia (pérdida), antes de impuestos | J4: Ganancia (pérdida) por actividades de operación | K4: Costos financieros
B5: PHILIPS COLOMBIANA S.A. | C5: C3312 - Mantenimiento y reparación especializado de maquinaria y equipo | D5: 89812570 | E5: 99782687 | F5: 47944166 | G5: 66353541 | H5: 33429146 | I5: 12023775 | J5: 13746246 | K5: 1938163
B6: IMBERA SERVICIOS COLOMBIA S.A.S. | C6: C3312 - Mantenimiento y reparación especializado de maquinaria y equipo | D6: 6981922 | E6: 10674784 | F6: 6223466 | G6: 7632782 | H6: 3042002 | I6: -103821 | J6: 188713 | K6: 292534
B7: ANDRITZ HYDRO LTDA | C7: C3312 - Mantenimiento y reparación especializado de maquinaria y equipo | D7: 27823188 | E7: 30816612 | F7: 25454747 | G7: 27029662 | H7: 3786950 | I7: -3468640 | J7: -3118942 | K7: 614100
B8: NOVATECNICA SAS | C8: C3312 - Mantenimiento y reparación especializado de maquinaria y equipo | D8: 7558702 | E8: 10319703 | F8: 10758514 | G8: 10775749 | H8: -456046 | I8: -2748630 | J8: -2549535 | K8: 253048
B9: TAMETCO SAS | C9: C3312 - Mantenimiento y reparación especializado de maquinaria y equipo | D9: 3874396 | E9: 24729613 | F9: 1977432 | G9: 13588612 | H9: 11141001 | I9: 1246166 | J9: 1182405 | K9: 294688
B10: WARTSILA COLOMBIA S.A | C10: C3312 - Mantenimiento y reparación especializado de maquinaria y equipo | D10: 33465708 | E10: 38450872 | F10: 16440874 | G10: 26010220 | H10: 12440652 | I10: 13704834 | J10: 13704834
B11: GE Energy Colombia S.A. | C11: C3312 - Mantenimiento y reparación especializado de maquinaria y equipo | D11: 117493330 | E11: 117916105 | F11: 76145891 | G11: 106646895 | H11: 11269210 | I11: -10284835 | J11: -16101696 | K11: 345333
B12: Komatsu Colombia S.A.S. | C12: C3312 - Mantenimiento y reparación especializado de maquinaria y equipo | D12: 148826841 | E12: 219755943 | F12: 91506337 | G12: 119009719 | H12: 100746224 | I12: -1213029 | J12: 3884699 | K12: 5419159
B13: SERVIPARAMO SAS | C13: C3312 - Mantenimiento y reparación especializado de maquinaria y equipo | D13: 69405590 | E13: 72894062 | F13: 26096621 | G13: 47778055 | H13: 25116007 | I13: 994806 | J13: 2822349 | K13: 2022722
B14: TOTAL | D14: =SUM(D5:D13) -> 505242247 | E14: =SUM(E5:E13) -> 625340381 | F14: =SUM(F5:F13) -> 302548048 | G14: =SUM(G5:G13) -> 424825235 | H14: =SUM(H5:H13) -> 200515146 | I14: =SUM(I5:I13) -> 10150626 | J14: =SUM(J5:J13) -> 13759073 | K14: =SUM(K5:K13) -> 11179747
B15: Plenas-Individuales
B16: PERIODO ACTUAL 2021
B17: Razón social de la sociedad | C17: Clasificación Industrial Internacional Uniforme Versión 4 A.C | D17: Activos corrientes totales | E17: Total de activos | F17: Pasivos corrientes totales | G17: Total pasivos | H17: Patrimonio total | I17: Ganancia (pérdida), antes de impuestos | J17: Ganancia (pérdida) por actividades de operación | K17: Costos financieros
B18: PHILIPS COLOMBIANA S.A. | C18: C3312 - Mantenimiento y reparación especializado de maquinaria y equipo | D18: 124670801 | E18: 135985425 | F18: 67292694 | G18: 94250408 | H18: 41735017 | I18: 11092313 | J18: 11147117 | K18: 313060
B19: IMBERA SERVICIOS COLOMBIA S.A.S. | C19: C3312 - Mantenimiento y reparación especializado de maquinaria y equipo | D19: 8114915 | E19: 11271996 | F19: 6350290 | G19: 7381530 | H19: 3890466 | I19: 1422860 | J19: 1463917 | K19: 41057
B20: ANDRITZ HYDRO LTDA | C20: C3312 - Mantenimiento y reparación especializado de maquinaria y equipo | D20: 25611961 | E20: 28510345 | F20: 21633151 | G20: 23639087 | H20: 4871258 | I20: 2283481 | J20: 1553979 | K20: 89160
B21: NOVATECNICA SAS | C21: C3312 - Mantenimiento y reparación especializado de maquinaria y equipo | D21: 8152120 | E21: 10437392 | F21: 10048597 | G21: 10063442 | H21: 373950 | I21: -1061288 | J21: -882103 | K21: 191596
B22: TAMETCO SAS | C22: C3312 - Mantenimiento y reparación especializado de maquinaria y equipo | D22: 4585856 | E22: 25958918 | F22: 2115150 | G22: 13648285 | H22: 12310633 | I22: 1698153 | J22: 1421725 | K22: 138389
B23: WARTSILA COLOMBIA S.A | C23: C3312 - Mantenimiento y reparación especializado de maquinaria y equipo | D23: 34617636 | E23: 42183171 | F23: 14556360 | G23: 26472777 | H23: 15710394 | I23: 4540188 | J23: 4540188
B24: GE Energy Colombia S.A. | C24: C3312 - Mantenimiento y reparación especializado de maquinaria y equipo | D24: 99050732 | E24: 99664078 | F24: 92628811 | G24: 92628811 | H24: 7035267 | I24: -4538226 | J24: -4565860 | K24: 1945823
B25: Komatsu Colombia S.A.S. | C25: C3312 - Mantenimiento y reparación especializado de maquinaria y equipo | D25: 186598100 | E25: 264945111 | F25: 118600482 | G25: 147048318 | H25: 117896793 | I25: 21031468 | J25: 27664409 | K25: 7229254
B26: SERVIPARAMO SAS | C26: C3312 - Mantenimiento y reparación especializado de maquinaria y equipo | D26: 98814065 | E26: 102724827 | F26: 58267143 | G26: 76843720 | H26: 25881107 | I26: 1966348 | J26: 3554100 | K26: 1734338
B27: TOTAL | D27: =SUM(D18:D26) -> 590216186 | E27: =SUM(E18:E26) -> 721681263 | F27: =SUM(F18:F26) -> 391492678 | G27: =SUM(G18:G26) -> 491976378 | H27: =SUM(H18:H26) -> 229704885 | I27: =SUM(I18:I26) -> 38435297 | J27: =SUM(J18:J26) -> 45897472 | K27: =SUM(K18:K26) -> 11682677
B28: SUMATORIA TOTAL PERIODO ACTUAL Y ANTERIOR | D28: =+D27+D14 -> 1095458433 | E28: =+E27+E14 -> 1347021644 | F28: =+F27+F14 -> 694040726 | G28: =+G27+G14 -> 916801613 | H28: =+H27+H14 -> 430220031 | I28: =+I27+I14 -> 48585923 | J28: =+J27+J14 -> 59656545 | K28: =+K27+K14 -> 22862424
B30: INDICADORES | C30: NOMBRE | D30: FÓRMULA | E30: UNIDAD | F30: VALORES ACEPTABLES
B31: LIQUIDEZ | C31: RAZÓN CORRIENTE | D31: ESF - Activos corrientes totales /EFS - Pasivos Corrientes Totales | E31: Veces | F31: =+D28/F28 -> 1.5783777
B32: ENDEUDAMIENTO | C32: RAZÓN DE ENDEUDAMIENTO | D32: ESF- Total Pasivo/Total Activo * 100 | E32: % | F32: =G28/E28*100 -> 68.061387
B33: RAZÓN COBERTURA DE INTERES | C33: RAZON DE COBERTURA | D33: ERI- Ganancia(perdida) por actividades de operación / ERI - Costos financieros | E33: Veces | F33: =+J28/K28 -> 2.6093709
B34: LIQUIDEZ | C34: CAPITAL DE TRABAJO NETO | D34: ESF - Activos corrientes totales -EFS Pasivos Corrientes Totales | E34: $ | F34: =+D28-F28 -> 401417707
B36: INDICADORES | C36: NOMBRE | D36: FÓRMULA | E36: UNIDAD | F36: VALORES ACEPTABLES
B37: RENTABILIDAD | C37: Retorno sobre los Activos (ROA) | D37: ERI - Ganancia (pérdida), antes de impuestos / ESF - Total de activos *100 | E37: % | F37: =I28/E28*100 -> 3.6069148
B38: RENTABILIDAD | C38: Retorno Sobre El Patrimonio (RCE) | D38: ERI - Ganancia (pérdida), antes de impuestos / ESF - Patromonio total *100 | E38: % | F38: =I28/H28*100 -> 11.293273

Sheet S9511 -2021
B2: Pymes-Individuales
B3: PERIODO ANTERIOR 2021
B4: Razón social de la sociedad | C4: Clasificación Industrial Internacional Uniforme Versión 4 A.C | D4: Activos corrientes totales | E4: Total de activos | F4: Pasivos corrientes totales | G4: Total pasivos | H4: Patrimonio total | I4: Ganancia (pérdida), antes de impuestos | J4: Costos financieros | K4: Ganancia (pérdida) por actividades de operación
B5: DIEBOLD NIXDORF COLOMBIA S.A.S. | C5: S9511 - Mantenimiento y reparación de computadores y de equipo periférico | D5: 65705389 | E5: 119533896 | F5: 62195093 | G5: 65972736 | H5: 53561160 | I5: 8765739 | J5: 6909901 | K5: 19358
B6: TOTAL | D6: =SUM(D5:D5) -> 65705389 | E6: =SUM(E5:E5) -> 119533896 | F6: =SUM(F5:F5) -> 62195093 | G6: =SUM(G5:G5) -> 65972736 | H6: =SUM(H5:H5) -> 53561160 | I6: =SUM(I5:I5) -> 8765739 | J6: =SUM(J5:J5) -> 6909901 | K6: =SUM(K5:K5) -> 19358
B7: Pymes-Individuales
B8: PERIODO ACTUAL 2021
B9: Razón social de la sociedad | C9: Clasificación Industrial Internacional Uniforme Versión 4 A.C | D9: Activos corrientes totales | E9: Total de activos | F9: Pasivos corrientes totales | G9: Total pasivos | H9: Patrimonio total | I9: Ganancia (pérdida), antes de impuestos | J9: Costos financieros | K9: Ganancia (pérdida) por actividades de operación
B10: DIEBOLD NIXDORF COLOMBIA S.A.S. | C10: S9511 - Mantenimiento y reparación de computadores y de equipo periférico | D10: 141701094 | E10: 155167700 | F10: 81771836 | G10: 96035996 | H10: 59131704 | I10: 8729351 | J10: 6996221 | K10: 174671
B11: TOTAL | D11: =SUM(D10:D10) -> 141701094 | E11: =SUM(E10:E10) -> 155167700 | F11: =SUM(F10:F10) -> 81771836 | G11: =SUM(G10:G10) -> 96035996 | H11: =SUM(H10:H10) -> 59131704 | I11: =SUM(I10:I10) -> 8729351 | J11: =SUM(J10:J10) -> 6996221 | K11: =SUM(K10:K10) -> 174671
B12: SUMATORIA TOTAL PERIODO ACTUAL Y ANTERIOR | D12: =+D11+D6 -> 207406483 | E12: =+E11+E6 -> 274701596 | F12: =+F11+F6 -> 143966929 | G12: =+G11+G6 -> 162008732 | H12: =+H11+H6 -> 112692864 | I12: =+I11+I6 -> 17495090 | J12: =+J11+J6 -> 13906122 | K12: =+K11+K6 -> 194029
B14: INDICADORES | C14: NOMBRE | D14: FÓRMULA | E14: UNIDAD | F14: VALORES ACEPTABLES
B15: LIQUIDEZ | C15: RAZÓN CORRIENTE | D15: ESF - Activos corrientes totales /EFS - Pasivos Corrientes Totales | E15: Veces | F15: =+D12/F12 -> 1.4406537
B16: ENDEUDAMIENTO | C16: RAZÓN DE ENDEUDAMIENTO | D16: ESF- Total Pasivo/Total Activo * 100 | E16: % | F16: =G12/E12*100 -> 58.976262
B17: RAZÓN COBERTURA DE INTERES | C17: RAZON DE COBERTURA | D17: ERI- Ganancia(perdida) por actividades de operación / ERI - Costos financieros | E17: Veces | F17: =+K12/J12 -> 0.013952776
B18: LIQUIDEZ | C18: CAPITAL DE TRABAJO NETO | D18: ESF - Activos corrientes totales -EFS Pasivos Corrientes Totales | E18: $ | F18: =+D12-F12 -> 63439554
B20: INDICADORES | C20: NOMBRE | D20: FÓRMULA | E20: UNIDAD | F20: VALORES ACEPTABLES
B21: RENTABILIDAD | C21: Retorno sobre los Activos (ROA) | D21: ERI - Ganancia (pérdida), antes de impuestos / ESF - Total de activos *100 | E21: % | F21: =I12/E12*100 -> 6.3687617
B22: RENTABILIDAD | C22: Retorno Sobre El Patrimonio (RCE) | D22: ERI - Ganancia (pérdida), antes de impuestos / ESF - Patromonio total *100 | E22: % | F22: =I12/H12*100 -> 15.524577

Sheet J6209-2021
B2: Plenas-Individuales
B3: PERIODO ANTERIOR
B4: Razón social de la sociedad | C4: Clasificación Industrial Internacional Uniforme Versión 4 A.C | D4: Activos corrientes totales | E4: Total de activos | F4: Pasivos corrientes totales | G4: Total pasivos | H4: Patrimonio total | I4: Ganancia (pérdida), antes de impuestos | J4: Costos financieros | K4: Ganancia (pérdida) por actividades de operación
B5: ANPALA SAS | C5: J6209 - Otras actividades de tecnologías de información y actividades de servicios informáticos | D5: 2368644 | E5: 2458075 | F5: 1334266 | G5: 1392096 | H5: 1065979 | I5: 349056 | J5: 451424 | K5: 102790
B6: COMPUFACIL S A S | C6: J6209 - Otras actividades de tecnologías de información y actividades de servicios informáticos | D6: 25800424 | E6: 27967627 | F6: 11176084 | G6: 11186035 | H6: 16781592 | I6: 8231153 | J6: 8255417 | K6: 105440
B7: COMPAÑÍA DE SERVICIOS ARCHISVISTICOS Y TECNOLOGICOS S.A.S | C7: J6209 - Otras actividades de tecnologías de información y actividades de servicios informáticos | D7: 7946761 | E7: 10241483 | F7: 1716335 | G7: 5941296 | H7: 4300187 | I7: 453789 | J7: 605888 | K7: 158993
B8: SOCIEDAD CAMERAL DE CERTIFICACION DIGITAL CERTICAMARA SA | C8: J6209 - Otras actividades de tecnologías de información y actividades de servicios informáticos | D8: 16776444 | E8: 39357045 | F8: 9409197 | G8: 16001967 | H8: 23355078 | I8: 3148252 | J8: 3822059 | K8: 798148
B9: IDEAS MUSICALES DE COLOMBIA SAS | C9: J6209 - Otras actividades de tecnologías de información y actividades de servicios informáticos | D9: 51047611 | E9: 52397195 | F9: 43899122 | G9: 43899122 | H9: 8498073 | I9: 7717941 | J9: 7161355 | K9: 791392
B10: ROAD TRACK DE COLOMBIA S.A.S. | C10: J6209 - Otras actividades de tecnologías de información y actividades de servicios informáticos | D10: 16077623 | E10: 18610801 | F10: 10062459 | G10: 15891521 | H10: 2719280 | I10: 2552694 | J10: 3161367 | K10: 1179925
B11: Atos It Solutions and Services SAS | C11: J6209 - Otras actividades de tecnologías de información y actividades de servicios informáticos | D11: 28549125 | E11: 29668647 | F11: 14938749 | G11: 14938749 | H11: 14729898 | I11: -2673037 | J11: -2673037
B12: SUSTS COLOMBIA LIMITADA | C12: J6209 - Otras actividades de tecnologías de información y actividades de servicios informáticos | D12: 10992223 | E12: 11675241 | F12: 8221922 | G12: 8316281 | H12: 3358960 | I12: -432 | J12: 414135 | K12: 2518528
B13: EVERTEC PLACETOPAY SAS | C13: J6209 - Otras actividades de tecnologías de información y actividades de servicios informáticos | D13: 9136483 | E13: 11789902 | F13: 5086940 | G13: 5995329 | H13: 5794573 | I13: -2038795 | J13: -1426933 | K13: 676833
B14: ITS INFOCOMUNICACION SAS | C14: J6209 - Otras actividades de tecnologías de información y actividades de servicios informáticos | D14: 57320459 | E14: 65206340 | F14: 47300103 | G14: 50276885 | H14: 14929455 | I14: -314827 | J14: 1688278 | K14: 2989187
B15: SAP COLOMBIA SAS | C15: J6209 - Otras actividades de tecnologías de información y actividades de servicios informáticos | D15: 611440415 | E15: 694122060 | F15: 643033874 | G15: 663489696 | H15: 30632364 | I15: -51494818 | J15: -29140477 | K15: 24956016
B16: TOTAL | D16: =SUM(D5:D15) -> 837456212 | E16: =SUM(E5:E15) -> 963494416 | F16: =SUM(F5:F15) -> 796179051 | G16: =SUM(G5:G15) -> 837328977 | H16: =SUM(H5:H15) -> 126165439 | I16: =SUM(I5:I15) -> -34069024 | J16: =SUM(J5:J15) -> -7680524 | K16: =SUM(K5:K15) -> 34277252
B17: Plenas-Individuales
B18: PERIODO ACTUAL
B19: Razón social de la sociedad | C19: Clasificación Industrial Internacional Uniforme Versión 4 A.C | D19: Activos corrientes totales | E19: Total de activos | F19: Pasivos corrientes totales | G19: Total pasivos | H19: Patrimonio total | I19: Ganancia (pérdida), antes de impuestos | J19: Costos financieros | K19: Ganancia (pérdida) por actividades de operación
B20: ANPALA SAS | C20: J6209 - Otras actividades de tecnologías de información y actividades de servicios informáticos | D20: 1944885 | E20: 2034584 | F20: 984344 | G20: 1068177 | H20: 966407 | I20: 919270 | J20: 911438 | K20: 4855
B21: COMPUFACIL S A S | C21: J6209 - Otras actividades de tecnologías de información y actividades de servicios informáticos | D21: 19474692 | E21: 21658266 | F21: 5104119 | G21: 5104119 | H21: 16554147 | I21: -2159801 | J21: -2207695 | K21: 9368
B22: COMPAÑÍA DE SERVICIOS ARCHISVISTICOS Y TECNOLOGICOS S.A.S | C22: J6209 - Otras actividades de tecnologías de información y actividades de servicios informáticos | D22: 8288693 | E22: 10204488 | F22: 1972967 | G22: 6097928 | H22: 4106560 | I22: 427779 | J22: 442529 | K22: 18156
B23: SOCIEDAD CAMERAL DE CERTIFICACION DIGITAL CERTICAMARA SA | C23: J6209 - Otras actividades de tecnologías de información y actividades de servicios informáticos | D23: 17283304 | E23: 38249618 | F23: 12893789 | G23: 14179610 | H23: 24070008 | I23: 3022675 | J23: 3381115 | K23: 178940
B24: IDEAS MUSICALES DE COLOMBIA SAS | C24: J6209 - Otras actividades de tecnologías de información y actividades de servicios informáticos | D24: 44535402 | E24: 48233995 | F24: 45958141 | G24: 45958141 | H24: 2275854 | I24: 677414 | J24: 599430 | K24: 433352
B25: ROAD TRACK DE COLOMBIA S.A.S. | C25: J6209 - Otras actividades de tecnologías de información y actividades de servicios informáticos | D25: 14738016 | E25: 18254811 | F25: 9944290 | G25: 16080655 | H25: 2174156 | I25: 1036616 | J25: 996097 | K25: 622623
B26: Atos It Solutions and Services SAS | C26: J6209 - Otras actividades de tecnologías de información y actividades de servicios informáticos | D26: 39777110 | E26: 41357628 | F26: 41878425 | G26: 41878425 | H26: -520797 | I26: -14516268 | J26: -14516268
B27: SUSTS COLOMBIA LIMITADA | C27: J6209 - Otras actividades de tecnologías de información y actividades de servicios informáticos | D27: 20968018 | E27: 21629821 | F27: 15377218 | G27: 15407345 | H27: 6222476 | I27: 4826356 | J27: 4960261 | K27: 636086
B28: EVERTEC PLACETOPAY SAS | C28: J6209 - Otras actividades de tecnologías de información y actividades de servicios informáticos | D28: 9441214 | E28: 13941201 | F28: 5852059 | G28: 6518459 | H28: 7422742 | I28: -3433049 | J28: -2626158 | K28: 1057544
B29: ITS INFOCOMUNICACION SAS | C29: J6209 - Otras actividades de tecnologías de información y actividades de servicios informáticos | D29: 52061899 | E29: 72005932 | F29: 48432201 | G29: 57174712 | H29: 14831220 | I29: 1200715 | J29: 2107265 | K29: 2231113
B30: SAP COLOMBIA SAS | C30: J6209 - Otras actividades de tecnologías de información y actividades de servicios informáticos | D30: 680603786 | E30: 768430666 | F30: 532675128 | G30: 552977687 | H30: 215452979 | I30: 12330615 | J30: 11992920 | K30: 1523762
B31: TOTAL | D31: =SUM(D20:D30) -> 909117019 | E31: =SUM(E20:E30) -> 1056001010 | F31: =SUM(F20:F30) -> 721072681 | G31: =SUM(G20:G30) -> 762445258 | H31: =SUM(H20:H30) -> 293555752 | I31: =SUM(I20:I30) -> 4332322 | J31: =SUM(J20:J30) -> 6040934 | K31: =SUM(K20:K30) -> 6715799
B32: SUMATORIA TOTAL PERIODO ACTUAL Y ANTERIOR | D32: =+D31+D16 -> 1746573231 | E32: =+E31+E16 -> 2019495426 | F32: =+F31+F16 -> 1517251732 | G32: =+G31+G16 -> 1599774235 | H32: =+H31+H16 -> 419721191 | I32: =+I31+I16 -> -29736702 | J32: =+J31+J16 -> -1639590 | K32: =+K31+K16 -> 40993051
B34: INDICADORES | C34: NOMBRE | D34: FÓRMULA | E34: UNIDAD | F34: VALORES ACEPTABLES
B35: LIQUIDEZ | C35: RAZÓN CORRIENTE | D35: ESF - Activos corrientes totales /EFS - Pasivos Corrientes Totales | E35: Veces | F35: =+D32/F32 -> 1.1511427
B36: ENDEUDAMIENTO | C36: RAZÓN DE ENDEUDAMIENTO | D36: ESF- Total Pasivo/Total Activo * 100 | E36: % | F36: =G32/E32*100 -> 79.216532
B37: RAZÓN COBERTURA DE INTERES | C37: RAZON DE COBERTURA | D37: ERI- Ganancia(perdida) por actividades de operación / ERI - Costos financieros | E37: Veces | F37: =+K32/J32 -> -25.002013
B38: LIQUIDEZ | C38: CAPITAL DE TRABAJO NETO | D38: ESF - Activos corrientes totales -EFS Pasivos Corrientes Totales | E38: $ | F38: =+D32-F32 -> 229321499
B40: INDICADORES | C40: NOMBRE | D40: FÓRMULA | E40: UNIDAD | F40: VALORES ACEPTABLES
B41: RENTABILIDAD | C41: Retorno sobre los Activos (ROA) | D41: ERI - Ganancia (pérdida), antes de impuestos / ESF - Total de activos *100 | E41: % | F41: =I32/E32*100 -> -1.4724818
B42: RENTABILIDAD | C42: Retorno Sobre El Patrimonio (RCE) | D42: ERI - Ganancia (pérdida), antes de impuestos / ESF - Patromonio total *100 | E42: % | F42: =I32/H32*100 -> -7.0848703

Sheet ESTADISTICAS
A2: PERIODO | B2: INDICADOR A EXIGIR EN EL PROCESO DE CONTRATACIÓN
A4: PERIODOS | B4: INDICADOR | C4: C3312 | D4: S9511 | E4: J6209 | F4: PROMEDIO GENERAL DE INDICADORES | G4: MEDIA GEOMETRICA | H4: MEDIA ARITMETICA | I4: MEDIANA | J4: MINIMO | K4: MAXIMO | L4: DESVIACION ESTANDAR | M4: MINIMO DESVIACION ESTANDAR CON MEDIANA | N4: MAXIMO DESVIACION ESTANDAR CON MEDIANA | O4: MINIMO DESVIACION ESTANDAR CON MEDIA ARITMETICA | P4: MAXIMO DESVIACION ESTANDAR CON MEDIA ARITMETICA | Q4: DATO PARA EL ESTUDIO
B5: CAPACIDAD FINANCIERA | R5: RESULTADO
A6: 2019 | B6: LIQUIDEZ | C6: =+'C3312 - 2019'!F29 -> 1.4465456 | D6: =+'S9511 -2019 '!F19 -> 1.259291 | E6: =+'J6209 -2019'!F29 -> 0.96995395 | F6: =AVERAGE(C6:E6) -> 1.2252635 | G6: =GEOMEAN(C6:E6) -> 1.2089354 | H6: =AVERAGE(F6:G6) -> 1.2170995 | I6: =+MEDIAN(C6:E6) -> 1.259291 | J6: =+MIN(C6:E6) -> 0.96995395 | K6: =+MAX(C6:E6) -> 1.4465456 | L6: =+_xlfn.STDEV.P(C6:E6) -> 0.19604981 | M6: =+I6-L6 -> 1.0632411 | N6: =+I6+L6 -> 1.4553408 | O6: =H6-L6 -> 1.0210497 | P6: =H6+L6 -> 1.4131493 | Q6: =+K6 -> 1.4465456 | R6: LIQUIDEZ | S6: =AVERAGE(Q6,Q14,Q22) -> 1.3953517
B7: ENDEUDAMIENTO | C7: =+'C3312 - 2019'!F30 -> 74.83966 | D7: =+'S9511 -2019 '!F20 -> 66.052557 | E7: =+'J6209 -2019'!F30 -> 93.929096 | F7: =AVERAGE(C7:E7) -> 78.273771 | G7: =GEOMEAN(C7:E7) -> 77.435575 | H7: =AVERAGE(F7:G7) -> 77.854673 | I7: =+MEDIAN(C7:E7) -> 74.83966 | J7: =+MIN(C7:E7) -> 66.052557 | K7: =+MAX(C7:E7) -> 93.929096 | L7: =+_xlfn.STDEV.P(C7:E7) -> 11.636729 | M7: =+I7-L7 -> 63.202931 | N7: =+I7+L7 -> 86.476389 | O7: =H7-L7 -> 66.217944 | P7: =H7+L7 -> 89.491402 | Q7: 48 | R7: ENDEUDAMIENTO | S7: =AVERAGE(Q7,Q15,Q23) -> 54.708023
B8: RAZON COBERTURA DE INTERESES | C8: =+'C3312 - 2019'!F31 -> -0.45636418 | D8: =+'S9511 -2019 '!F21 -> 5.6859974 | E8: =+'J6209 -2019'!F31 -> -0.96841924 | F8: =AVERAGE(C8:E8) -> 1.4204047 | G8: =GEOMEAN(D8) -> 5.6859974 | H8: =AVERAGE(F8:G8) -> 3.553201 | I8: =+MEDIAN(C8:E8) -> -0.45636418 | J8: =+MIN(C8:E8) -> -0.96841924 | K8: =+MAX(C8:E8) -> 5.6859974 | L8: =+_xlfn.STDEV.P(C8:E8) -> 3.023465 | M8: =+I8-L8 -> -3.4798292 | N8: =+I8+L8 -> 2.5671009 | O8: =L8-H8 -> -0.52973601 | P8: =H8+L8 -> 6.5766661 | Q8: =+F8 -> 1.4204047 | R8: RAZON COBERTURA DE INTERESES | S8: =AVERAGE(Q8,Q16,Q24) -> 7.5252963
B9: CAPITAL DE TRABAJO NETO | C9: =+'C3312 - 2019'!F32 -> 254062436 | D9: =+'S9511 -2019 '!F22 -> 51414750 | E9: =+'J6209 -2019'!F32 -> -47476911 | F9: =AVERAGE(C9:E9) -> 86000092 | G9: =GEOMEAN(C9:D9) -> 1.1429154e+08 | H9: =AVERAGE(F9:G9) -> 1.0014582e+08 | I9: =+MEDIAN(C9:E9) -> 51414750 | J9: =+MIN(C9:E9) -> -47476911 | K9: =+MAX(C9:E9) -> 254062436 | L9: =+_xlfn.STDEV.P(C9:E9) -> 1.2550858e+08 | M9: =+I9-L9 -> -74093826 | N9: =+I9+L9 -> 1.7692333e+08 | O9: =L9-H9 -> 25362759 | P9: =H9+L9 -> 2.2565439e+08 | Q9: =+P9 -> 2.2565439e+08 | R9: CAPITAL DE TRABAJO NETO | S9: =+AVERAGE(Q9,Q17,Q25) -> 2.8802496e+08
B10: CAPACIDAD ORGANIZACIONAL | R10: PRESUPUESTO OFICIAL | S10: 345000000
A11: 2019 | B11: RENTABILIDAD ROA ( ACTIVOS) | C11: =+'C3312 - 2019'!F35 -> 0.74315544 | D11: =+'S9511 -2019 '!F25 -> 11.171668 | E11: =+'J6209 -2019'!F35 -> -5.404387 | F11: =AVERAGE(C11:E11) -> 2.1701454 | G11: =GEOMEAN(C11:D11) -> 2.8813687 | H11: 3.09 | I11: =+MEDIAN(C11:E11) -> 0.74315544 | J11: =+MIN(C11:E11) -> -5.404387 | K11: =+MAX(C11:E11) -> 11.171668 | L11: =+_xlfn.STDEV.P(C11:E11) -> 6.8419599 | M11: =+I11-L11 -> -6.0988045 | N11: =+I11+L11 -> 7.5851154 | O11: =L11 - H11 -> 3.7519599 | P11: =H11+L11 -> 9.9319599 | Q11: =+G11 -> 2.8813687 | R11: DATO PARA EL ESTUDIO | S11: =+S9/S10 -> 0.83485497
B12: RENTABILIDAD ROE (PATRIMONIO) | C12: =+'C3312 - 2019'!F36 -> 2.953678 | D12: =+'S9511 -2019 '!F26 -> 32.908717 | F12: =AVERAGE(C12:E12) -> 17.931197 | G12: =GEOMEAN(C12:D12) -> 9.859095 | H12: 3.2666667 | I12: =+MEDIAN(C12:E12) -> 17.931197 | J12: =+MIN(C12:E12) -> 2.953678 | K12: =+MAX(C12:E12) -> 32.908717 | L12: =+_xlfn.STDEV.P(C12:E12) -> 14.977519 | M12: =+I12-L12 -> 2.953678 | N12: =+I12+L12 -> 32.908717 | O12: =L12-H12 -> 11.710853 | P12: =H12+L12 -> 18.244186 | Q12: =+I12 -> 17.931197
B13: CAPACIDAD FINANCIERA
A14: 2020 | B14: LIQUIDEZ | C14: =+'C3312 -2020'!F29 -> 1.5536481 | D14: =+'S9511 -2020'!F19 -> 1.2254117 | E14: =+'J6209 -2020'!F35 -> 1.06585 | F14: =AVERAGE(C14:E14) -> 1.2816366 | G14: =GEOMEAN(C14:E14) -> 1.2660288 | H14: =AVERAGE(F14:G14) -> 1.2738327 | I14: =+MEDIAN(C14:E14) -> 1.2254117 | J14: =+MIN(C14:E14) -> 1.06585 | K14: =+MAX(C14:E14) -> 1.5536481 | L14: =+_xlfn.STDEV.P(C14:E14) -> 0.20307251 | M14: =+I14-L14 -> 1.0223392 | N14: =+I14+L14 -> 1.4284843 | O14: =H14-L14 -> 1.0707602 | P14: =H14+L14 -> 1.4769052 | Q14: =+P14 -> 1.4769052 | R14: RENTABILIDAD ROA (ACTIVOS) | S14: =AVERAGE(Q11,Q19,Q27) -> 2.1172363
B15: ENDEUDAMIENTO | C15: =+'C3312 -2020'!F30 -> 67.860308 | D15: =+'S9511 -2020'!F20 -> 59.945506 | E15: =+'J6209 -2020'!F36 -> 85.569159 | F15: =AVERAGE(C15:E15) -> 71.124991 | G15: =GEOMEAN(C15:E15) -> 70.344461 | H15: =AVERAGE(F15:G15) -> 70.734726 | I15: =+MEDIAN(C15:E15) -> 67.860308 | J15: =+MIN(C15:E15) -> 59.945506 | K15: =+MAX(C15:E15) -> 85.569159 | L15: =+_xlfn.STDEV.P(C15:E15) -> 10.712501 | M15: =+I15-L15 -> 57.147807 | N15: =+I15+L15 -> 78.572809 | O15: =H15-L15 -> 60.022225 | P15: =H15+L15 -> 81.447227 | Q15: =+M15 -> 57.147807 | R15: RENTABILIDAD ROE (PATRIMONIO) | S15: =AVERAGE(Q12,Q20,Q28) -> 7.2361501
B16: RAZON COBERTURA DE INTERESES | D16: =+'S9511 -2020'!F21 -> 18.546113 | F16: =AVERAGE(C16:E16) -> 18.546113 | G16: =GEOMEAN(D16) -> 18.546113 | H16: =AVERAGE(F16:G16) -> 18.546113 | I16: =+MEDIAN(C16:E16) -> 18.546113 | J16: =+MIN(C16:E16) -> 18.546113 | K16: =+MAX(C16:E16) -> 18.546113 | L16: =+_xlfn.STDEV.P(C16:E16) -> 0 | M16: =+I16-L16 -> 18.546113 | N16: =+I16+L16 -> 18.546113 | O16: =L16-H16 -> -18.546113 | P16: =H16+L16 -> 18.546113 | Q16: =+F16 -> 18.546113
B17: CAPITAL DE TRABAJO NETO | C17: =+'C3312 -2020'!F32 -> 294696921 | D17: =+'S9511 -2020'!F22 -> 42839954 | E17: =+'J6209 -2020'!F38 -> 101774847 | F17: =AVERAGE(C17:E17) -> 1.4643724e+08 | G17: =GEOMEAN(C17:E17) -> 1.0871472e+08 | H17: =AVERAGE(F17:G17) -> 1.2757598e+08 | I17: =+MEDIAN(C17:E17) -> 101774847 | J17: =+MIN(C17:E17) -> 42839954 | K17: =+MAX(C17:E17) -> 294696921 | L17: =+_xlfn.STDEV.P(C17:E17) -> 1.0756093e+08 | M17: =+I17-L17 -> -5786081.5 | N17: =+I17+L17 -> 2.0933578e+08 | O17: =L17-H17 -> -20015052 | P17: =H17+L17 -> 2.3513691e+08 | Q17: =+K17 -> 294696921
B18: CAPACIDAD ORGANIZACIONAL
A19: 2020 | B19: RENTABILIDAD ROA ( ACTIVOS) | C19: =+'C3312 -2020'!F35 -> 0.73859239 | D19: =+'S9511 -2020'!F25 -> 13.102657 | E19: =+'J6209 -2020'!F41 -> -3.4539567 | F19: =AVERAGE(C19:E19) -> 3.4624309 | G19: =GEOMEAN(C19:D19) -> 3.1108717 | H19: 3.09 | I19: =+MEDIAN(C19:E19) -> 0.73859239 | J19: =+MIN(C19:E19) -> -3.4539567 | K19: =+MAX(C19:E19) -> 13.102657 | L19: =+_xlfn.STDEV.P(C19:E19) -> 7.0282685 | M19: =+I19-L19 -> -6.2896761 | N19: =+I19+L19 -> 7.7668609 | O19: =L19 - H19 -> 3.9382685 | P19: =H19+L19 -> 10.118269 | Q19: =+G19 -> 3.1108717 | R19: 10800000 | S19: =+R19/6 -> 1800000
B20: RENTABILIDAD ROE (PATRIMONIO) | C20: =+'C3312 -2020'!F36 -> 2.2980693 | D20: =+'S9511 -2020'!F26 -> 32.712077 | E20: =+'J6209 -2020'!F42 -> -23.934549 | F20: =AVERAGE(C20:E20) -> 3.6918659 | G20: =GEOMEAN(C20:D20) -> 8.6703299 | H20: 3.2666667 | I20: =+MEDIAN(C20:E20) -> 2.2980693 | J20: =+MIN(C20:E20) -> -23.934549 | K20: =+MAX(C20:E20) -> 32.712077 | L20: =+_xlfn.STDEV.P(C20:E20) -> 23.14688 | M20: =+I20-L20 -> -20.848811 | N20: =+I20+L20 -> 25.444949 | O20: =L20-H20 -> 19.880213 | P20: =H20+L20 -> 26.413547 | Q20: =+I20 -> 2.2980693
B21: CAPACIDAD FINANCIERA
A22: 2021 | B22: LIQUIDEZ | C22: =+'C3312 -2021'!F31 -> 1.5783777 | D22: =+'S9511 -2021'!F15 -> 1.4406537 | E22: =+'J6209-2021'!F35 -> 1.1511427 | F22: =AVERAGE(C22:E22) -> 1.390058 | G22: =GEOMEAN(C22:E22) -> 1.3781608 | H22: =AVERAGE(F22:G22) -> 1.3841094 | I22: =+MEDIAN(C22:E22) -> 1.4406537 | J22: =+MIN(C22:E22) -> 1.1511427 | K22: =+MAX(C22:E22) -> 1.5783777 | L22: =+_xlfn.STDEV.P(C22:E22) -> 0.17804941 | M22: =+I22-L22 -> 1.2626043 | N22: =+I22+L22 -> 1.6187031 | O22: =H22-L22 -> 1.20606 | P22: =H22+L22 -> 1.5621588 | Q22: =+M22 -> 1.2626043
B23: ENDEUDAMIENTO | C23: =+'C3312 -2021'!F32 -> 68.061387 | D23: =+'S9511 -2021'!F16 -> 58.976262 | E23: =+'J6209-2021'!F36 -> 79.216532 | F23: =AVERAGE(C23:E23) -> 68.751393 | G23: =GEOMEAN(C23:E23) -> 68.254499 | H23: =AVERAGE(F23:G23) -> 68.502946 | I23: =+MEDIAN(C23:E23) -> 68.061387 | J23: =+MIN(C23:E23) -> 58.976262 | K23: =+MAX(C23:E23) -> 79.216532 | L23: =+_xlfn.STDEV.P(C23:E23) -> 8.2774479 | M23: =+I23-L23 -> 59.783939 | N23: =+I23+L23 -> 76.338835 | O23: =H23-L23 -> 60.225499 | P23: =H23+L23 -> 76.780394 | Q23: =+J23 -> 58.976262
B24: RAZON COBERTURA DE INTERESES | C24: =+'C3312 -2021'!F33 -> 2.6093709 | D24: =+'S9511 -2021'!F17 -> 0.013952776 | E24: =+'J6209-2021'!F37 -> -25.002013 | F24: =AVERAGE(C24:E24) -> -7.4595632 | G24: =GEOMEAN(C24:D24) -> 0.19080872 | H24: =AVERAGE(F24:G24) -> -3.6343772 | I24: =+MEDIAN(C24:E24) -> 0.013952776 | J24: =+MIN(C24:E24) -> -25.002013 | K24: =+MAX(C24:E24) -> 2.6093709 | L24: =+_xlfn.STDEV.P(C24:E24) -> 12.449557 | M24: =+I24-L24 -> -12.435605 | N24: =+I24+L24 -> 12.46351 | O24: =L24-H24 -> 16.083935 | P24: =H24+L24 -> 8.8151801 | Q24: =+K24 -> 2.6093709
B25: CAPITAL DE TRABAJO NETO | C25: ='C3312 -2021'!F34 -> 401417707 | D25: ='S9511 -2021'!F18 -> 63439554 | E25: ='J6209-2021'!F38 -> 229321499 | F25: =AVERAGE(C25:E25) -> 231392920 | G25: =GEOMEAN(C25:E25) -> 1.8008069e+08 | H25: =AVERAGE(F25:G25) -> 2.057368e+08 | I25: =+MEDIAN(C25:E25) -> 229321499 | J25: =+MIN(C25:E25) -> 63439554 | K25: =+MAX(C25:E25) -> 401417707 | L25: =+_xlfn.STDEV.P(C25:E25) -> 1.3798678e+08 | M25: =+L25-I25 -> -91334722 | N25: =+I25+L25 -> 3.6730828e+08 | O25: =L25-H25 -> -67750026 | P25: =+H25+L25 -> 3.4372358e+08 | Q25: =+P25 -> 3.4372358e+08
B26: CAPACIDAD ORGANIZACIONAL
A27: 2021 | B27: RENTABILIDAD ROA ( ACTIVOS) | C27: =+'C3312 -2021'!F37 -> 3.6069148 | D27: =+'S9511 -2021'!F21 -> 6.3687617 | E27: =+'J6209-2021'!F41 -> -1.4724818 | F27: =AVERAGE(C27:E27) -> 2.8343982 | G27: =GEOMEAN(C27:D27) -> 4.7928677 | H27: 3.09 | I27: =+MEDIAN(C27:E27) -> 3.6069148 | J27: =+MIN(C27:E27) -> -1.4724818 | K27: =+MAX(C27:E27) -> 6.3687617 | L27: =+_xlfn.STDEV.P(C27:E27) -> 3.2474463 | M27: =+I27-L27 -> 0.35946851 | N27: =+I27+L27 -> 6.8543611 | O27: =L27 - H27 -> 0.15744629 | P27: =H27+L27 -> 6.3374463 | Q27: =+M27 -> 0.35946851
B28: RENTABILIDAD ROE (PATRIMONIO) | C28: =+'C3312 -2021'!F38 -> 11.293273 | D28: =+'S9511 -2021'!F22 -> 15.524577 | E28: =+'J6209-2021'!F42 -> -7.0848703 | F28: =AVERAGE(C28:E28) -> 6.5776598 | G28: =GEOMEAN(C28:D28) -> 13.24097 | H28: 3.2666667 | I28: =+MEDIAN(C28:E28) -> 11.293273 | J28: =+MIN(C28:E28) -> -7.0848703 | K28: =+MAX(C28:E28) -> 15.524577 | L28: =+_xlfn.STDEV.P(C28:E28) -> 9.8140895 | M28: =+I28-L28 -> 1.4791836 | N28: =+I28+L28 -> 21.107363 | O28: =L28-H28 -> 6.5474228 | P28: =H28+L28 -> 13.080756 | Q28: =+M28 -> 1.4791836

Sheet RESULTADO
B2: CAPACIDAD FINANCIERA
B3: ÍNDICE | C3: FÓRMULA | D3: OBSERVACIONES | E3: VALORES ACEPTABLES
B4: ÍNDICE DE LIQUIDEZ | C4: Activo Corriente Pasivo Corriente | D4: Determinar la capacidad que tiene un proponente para cumplir con sus obligaciones a corto plazo. A mayor índice de liquidez, menor es la probabilidad de que el proponente incumpla sus obligaciones de corto plazo | E4: Mayor o igual a 1,45
B5: ÍNDICE DE ENDEUDAMIENTO | C5: Pasivo Total Activo Total | D5: Determinar el grado de endeudamiento en la estructura de financiación (pasivos y patrimonios) del proponente. A mayor índice de endeudamiento, mayor es la probabilidad del proponente de no poder cumplir con sus pasivos. | E5: Menor o igual al 48%
B6: RAZÓN DE COBERTURA DE INTERESES | C6: Utilidad Operacional / Gastos de Intereses | D6: Refleja la capacidad del proponente de cumplir con sus obligaciones financieras. A mayor cobertura de intereses, menor es la probabilidad de que el proponente incumpla sus obligaciones financieras | E6: Mayor o Igual a 1,42
B7: LIQUIDEZ CAPITAL DE TRABAJO NETO | C7: ESF - Activos corrientes totales -EFS Pasivos Corrientes Totales | D7: Este indicador representa la liquidez operativa del proponente, es decir el remanente del proponente luego de liquidar sus activos corrientes (convertirlos en efectivo) y pagar el pasivo de corto plazo. Un capital de trabajo positivo contribuye con el desarrollo eficiente de la actividad económica del proponente. Es recomendable su uso cuando la Entidad Estatal requiere analizar el nivel de liquidez en términos absolutos. | E7: Mayor o Igual 100 % del P.O.
B9: CAPACIDAD ORGANIZACIONAL
B10: INDICADOR | C10: ÍNDICE REQUERIDO | D10: FORMULA OFERENTE INDIVIDUAL | E10: FORMULA OFERENTE PLURAL
B11: Rentabilidad del Activo | C11: Mayor o igual a 3% | D11: Utilidad Operacional/ Activo Total | E11: Rentabilidad ((U.O.*(% Participación) + (U.O.*(% Participación) del Activo : __________________________________________ = XXXXX ((A.T.*(% Participación) + (A.T.*(% Participación))
B12: Rentabilidad del Patrimonio | C12: Mayor o igual a 9% | D12: Utilidad Operacional/ Patrimonio | E12: Rentabilidad ((U.O.*(% Participación) + (U.O.*(% Participación)) Patrimonio: __________________________________________ = XXXXX ((P.*(% Participación) + (P.*(% Participación))
